Map: Overgrown Facility

Players

flashy - Winner!

  • Race: Zerg Zerg
  • Spawn Location: 3:00

PureLegacy - Winner!

  • Race: Terran Terran
  • Spawn Location: 1:00

BachiBazouk

  • Race: Protoss Protoss
  • Spawn Location: 7:00

korhall

  • Race: Terran Terran
  • Spawn Location: 9:00

VOD

Have the link to the VOD?

Description

Time

  • Played on: Nov. 25, 2018, 12:30 p.m.
  • Length: 4:12
Show
View Real Time Build Order
Export as new Build Order

flashy Zerg - Winner!

Build Orders: Pool First 

Get SALT Encoding   

  12  0:02  Drone  
  13  0:08  Drone  
  14  0:23  Overlord  
  14  0:36  Spawning Pool  
  14  0:38  Extractor  
  14  0:40  Drone  
  13  0:47  Drone  
  14  0:50  Drone  
  15  1:02  Drone  
  16  1:10  Drone  
  17  1:15  Drone  
  18  1:31  Drone  
  19  1:35  Hatchery  
  18  1:41  Queen  
  20  1:48  Overlord  
  20  1:52  Drone  
  21  1:57  Drone  
  22  2:07  Metabolic Boost  
  22  2:12  Zergling x2  
  23  2:21  Zergling x2  
  24  2:28  Queen  
  26  2:43  Zergling x4  
  28  3:06  Zergling x2  
  28  3:07  Zergling x10  
Show
View Real Time Build Order
Export as new Build Order

PureLegacy Terran - Winner!

Build Orders:  

Get SALT Encoding   

  12  0:01  SCV  
  13  0:13  SCV  
  14  0:19  Supply Depot  
  14  0:26  SCV  
  15  0:32  Refinery  
  15  0:41  SCV  
  16  0:46  Barracks  
  16  0:53  SCV  
  17  1:04  Barracks  
  17  1:17  Barracks  
  17  1:21  SCV  
  18  1:36  Reaper  
  19  1:40  Orbital Command  
  19  1:48  Refinery  
  19  1:53  Reaper  
  20  2:00  Supply Depot  
  20  2:05  Reaper  
  21  2:10  Reaper  
  21  2:15  SCV  
  23  2:25  Reaper  
  23  2:28  Supply Depot  
  23  2:29  SCV  
  25  2:38  Reaper  
  27  2:44  Reaper  
  27  2:50  SCV  
  28  2:57  Reaper  
  29  3:02  SCV  
  30  3:10  Reaper  
  31  3:16  Reaper  
  32  3:22  Command Center  
  32  3:29  Reaper  
  32  3:30  SCV  
  34  3:41  Supply Depot  
  34  3:42  SCV  
  37  4:00  Barracks x2  
Show
View Real Time Build Order
Export as new Build Order

BachiBazouk Protoss 

Build Orders:  

Get SALT Encoding   

  12  0:05  Probe  
  13  0:18  Probe, Pylon  
  14  0:30  Probe  
  15  0:37  Gateway  
  15  0:38  Probe  
  16  0:47  Probe  
  16  0:49  Assimilator  
  17  0:57  Probe  
  18  1:09  Probe  
  19  1:22  Probe  
  20  1:27  Cybernetics Core  
  20  1:34  Probe  
  21  1:46  Nexus, Probe  
  22  1:54  Warp Gate, Pylon  
  22  1:59  Probe  
  23  2:07  Pylon  
  23  2:12  Probe  
  23  2:15  Assimilator  
  24  2:24  Probe  
  25  2:32  Adept, Forge  
  25  2:35  Gateway  
  27  2:57  Probe  
  28  3:09  Probe  
  28  3:11  Photon Cannon  
  29  3:19  Photon Cannon  
  29  3:22  Photon Cannon  
  29  3:25  Probe  
  29  3:26  Probe  
  31  3:29  Gateway  
  31  3:30  Gateway  
  31  3:37  Robotics Facility  
  31  3:38  Probe x2  
  35  3:59  Zealot  
Show
View Real Time Build Order
Export as new Build Order

korhall Terran 

Build Orders: Command Center First (CC) 

Get SALT Encoding   

  12  0:05  SCV  
  13  0:17  SCV  
  14  0:23  Supply Depot  
  14  0:29  SCV  
  15  0:44  SCV  
  16  0:56  SCV  
  17  1:09  SCV  
  18  1:18  Command Center  
  18  1:21  SCV  
  19  1:28  Barracks  
  19  1:33  SCV  
  20  1:43  Barracks  
  20  1:45  SCV  
  21  1:51  Barracks  
  21  1:57  SCV  
  22  2:09  SCV  
  23  2:25  Bunker  
  23  2:26  Orbital Command  
  23  2:29  Marine, Orbital Command  
  24  2:31  Marine  
  25  2:39  Marine  
  25  2:47  Marine  
  25  2:49  Marine  
  25  2:52  Refinery  
  25  2:59  Marine  
  25  3:04  Marine  
Tags
 
Add a new tag
Caveats
  • Supply blocks, unpowered buildings, or Contaminate may cause inaccurate times.
  • Supply counts are checked every 10 seconds.